 Dungeon Crawl Stone Soup version 0.29.1-1-gd02db6906a (webtiles) character file.

Game seed: 816846044252911189

1474 mcbry74 the Cleaver (level 8, -1/65 (66) HPs)
             Began as a Hill Orc Cinder Acolyte on Oct 7, 2022.
             Was a High Priest of Ignis.
             Shot with an arrow by a centaur (8 damage)
             ... on level 6 of the Dungeon.
             The game lasted 00:21:26 (6734 turns).

mcbry74 the Cleaver (Hill Orc Cinder Acolyte)       Turns: 6734, Time: 00:21:27

HP:   -1/65 (66)    AC:  8    Str: 17    XL:     8   Next: 78%
MP:   9/9           EV: 15    Int: 16    God:    Ignis [*****.]
Gold: 211           SH:  0    Dex:  6    Spells: 7/9 levels left

rFire   + . .      SeeInvis .   a - -1 hand axe (flame)
rCold   . . .      Faith    .   (no shield)
rNeg    . . .      Spirit   .   b - +1 robe
rPois   .          Reflect  .   g - +0 hat
rElec   .          Harm     .   F - +0 cloak
rCorr   .          Rampage  .   (no gloves)
Will    .....                   (no boots)
Stlth   +.........              (no amulet)
HPRegen 0.20/turn               c - +4 ring of protection
MPRegen 0.11/turn               n - +4 ring of evasion

@: lightly drained
A: no striking features
a: Renounce Religion, Fiery Armour, Foxfire Swarm, Rising Flame


You were on level 6 of the Dungeon.
You worshipped Ignis.
Ignis was extremely pleased with you.
You visited 1 branch of the dungeon, and saw 6 of its levels.

You collected 211 gold pieces.

Inventory:

Hand Weapons
 a - a -1 hand axe of flaming (weapon)
 k - a +2 dagger of venom
 C - the +1 hammer "Jeloteoc" {freeze, rN++}
   (You found it on level 6 of the Dungeon)

   It freezes those it strikes, dealing additional cold damage.
   It can also slow down cold-blooded creatures.
   rN:        It greatly protects you from negative energy.
 D - a +2 hammer of holy wrath
Missiles
 h - 43 stones
 w - 5 silver boomerangs
 z - 8 poisoned darts (quivered)
 G - a boomerang
Armour
 b - a +1 robe (worn)
 g - a +0 hat (worn)
 F - a +0 cloak (worn)
Jewellery
 c - a +4 ring of protection (left hand)
 d - a ring of fire
 n - a +4 ring of evasion (right hand)
 q - a ring of ice
Wands
 s - a wand of charming (1)
 y - a wand of roots (12)
Scrolls
 f - 2 scrolls of poison
 j - a scroll of silence
 l - 3 scrolls of teleportation
 m - 2 scrolls of identify
 o - a scroll of blinking
 p - 2 scrolls of enchant armour
Potions
 e - a potion of attraction {unknown}
 i - 4 potions of curing
 r - a potion of magic {unknown}
 t - a potion of resistance {unknown}
 u - a potion of heal wounds {unknown}
 v - a potion of cancellation {unknown}
 x - a potion of mutation {unknown}
 A - 2 potions of degeneration {unknown}
 B - a potion of berserk rage {unknown}
 E - a potion of lignification {unknown}


   Skills:
 - Level 4.1 Fighting
 + Level 9.5 Axes
 + Level 4.3 Throwing
 - Level 1.0 Spellcasting
 + Level 7.7 Fire Magic


You had 7 spell levels left.
You knew the following spells:

 Your Spells              Type           Power      Damage    Failure   Level
a - Scorch                Fire           50%        2d7       1%          2

Your spell library contained the following spells:

 Spells                   Type           Power      Damage    Failure   Level
 Sting                    Tmut/Pois      0%         1d3       22%         1
 Blink                    Tloc           0%         N/A       34%         2
 Lesser Beckoning         Tloc           0%         N/A       56%         3
 Manifold Assault         Tloc           0%         N/A       99%         5


Dungeon Overview and Level Annotations

Branches:
Dungeon (6/15)             Temple (0/1) D:5

Altars:
Ashenzari
Elyvilon
Gozag
Hepliaklqana
Kikubaaqudgha
Sif Muna
Trog
Wu Jian
Zin
The Shining One

Annotations:
D:4 Grinder
D:6 Pikel


Message History

Things that are here:
a +0 dagger; a +0 leather armour You see here a +0 short sword.
The lemure attacks as you move away! The lemure closely misses you.
Pikel waves his whip at you.
Pikel says, "You'll feel the lick of my whip!"
The lemure attacks as you move away! The lemure completely misses you.
The lemure attacks as you move away! The lemure barely misses you.
Pikel says, "You'll make a fine lemure."
The lemure hits you. The lemure attacks as you move away! The lemure hits you.
Pikel attacks as you move away!
Pikel hits you with a +1 whip of electrocution.
The lemure attacks as you move away! The lemure barely misses you.
The lemure attacks as you move away! The lemure hits you!
* * * LOW HITPOINT WARNING * * *
Found a scroll of identify.
Pikel says, "You'll make a fine lemure."
The lemure attacks as you move away! The lemure closely misses you.
You see here a scroll of identify.
m - 2 scrolls of identify (gained 1)
The lemure closely misses you. The lemure attacks as you move away!
The lemure misses you. The lemure attacks as you move away!
The lemure misses you.
Pikel cracks his whip.
The lemure attacks as you move away! The lemure barely misses you.
Pikel says, "You'll make a fine lemure."
The lemure attacks as you move away! The lemure barely misses you.
Found a stone staircase leading down.
A centaur comes into view.
The centaur wields a +0 shortbow.
The centaur shoots an arrow.
The arrow closely misses you.
The centaur shoots an arrow.
The arrow closely misses you.
The centaur shoots an arrow.
The arrow hits you!
* * * LOW HITPOINT WARNING * * *
The centaur shoots an arrow.
The arrow barely misses you.
The arrow completely misses the lemure.
The lemure attacks as you move away! The lemure barely misses you.
The centaur shoots an arrow.
The arrow hits you!
You die...

##############
#.5..5........
#.############
#.#
###########.#
....c>.@.5K.#
#############
########
###......5
#.........
#.#.#####.
#5#)# ## #.#)#


You could see Pikel, a lemure and a centaur.

Vanquished Creatures
  Prince Ribbit (D:5)
  A water moccasin (D:6)
  4 black bears
  A centaur (D:5)
  2 lemures (D:6)
  A phantom (D:3)
  A necrophage (D:4)
  A howler monkey (D:5)
  A jelly (D:4)
  A hound (D:5)
  Crazy Yiuf (D:6)
  3 orc priests
  Natasha (thrice) (D:3)
  An iguana (D:5)
  2 orc wizards
  4 adders
  A dart slug (D:2)
  14 orcs
  5 bats
  5 endoplasms
  2 giant cockroaches (D:1)
  3 goblins (D:1)
  8 hobgoblins
  7 jackals
  7 kobolds
  4 quokkas
  7 ball pythons
  3 frilled lizards (D:2)
  2 rats
96 creatures vanquished.

Vanquished Creatures (collateral kills)
  2 necrophages (D:5)
2 creatures vanquished.

Vanquished Creatures (others)
  4 fungi (D:2)
  6 plants
10 creatures vanquished.

Grand Total: 108 creatures vanquished

Notes
Turn   | Place    | Note
-------+----------+-------------------------------------------
     0 | D:1      | mcbry74 the Hill Orc Cinder Acolyte began the quest for the
                  | Orb.
     0 | D:1      | Reached XP level 1. HP: 19/19 MP: 2/2
   311 | D:1      | Reached XP level 2. HP: 27/27 MP: 3/3
  1294 | D:2      | Learned a level 2 spell: Scorch
  1298 | D:2      | Reached XP level 3. HP: 27/33 MP: 1/4
  1560 | D:2      | Reached skill level 5 in Axes
  1786 | D:2      | Found a faded altar of an unknown god.
  1791 | D:2      | Got Plato's Vademecum on Transmigration
  2207 | D:3      | Noticed Natasha
  2210 | D:3      | Killed Natasha
  2211 | D:3      | Reached XP level 4. HP: 40/40 MP: 0/5
  2281 | D:3      | Found an ornate altar of the Wu Jian Council.
  2411 | D:3      | Noticed Natasha
  2440 | D:3      | Killed Natasha
  2886 | D:3      | Noticed Natasha
  2898 | D:3      | Killed Natasha
  2899 | D:3      | Reached skill level 6 in Axes
  2899 | D:3      | Reached XP level 5. HP: 19/46 MP: 1/6
  3289 | D:3      | Found a glowing golden altar of the Shining One.
  3289 | D:3      | Found a glowing silver altar of Zin.
  3289 | D:3      | Found a white marble altar of Elyvilon.
  3665 | D:4      | Noticed a phantom
  3674 | D:4      | Reached skill level 5 in Fire Magic
  3753 | D:3      | Killed a phantom
  3754 | D:3      | Reached XP level 6. HP: 32/52 MP: 2/7
  3889 | D:4      | Found a broken altar of Ashenzari.
  3896 | D:4      | Noticed a black bear
  3905 | D:4      | Killed a black bear
  3906 | D:4      | Reached skill level 7 in Axes
  3906 | D:4      | Reached skill level 1 in Throwing
  3909 | D:4      | Noticed a black bear
  3986 | D:3      | Killed a black bear
  3987 | D:3      | Reached XP level 7. HP: 32/59 MP: 3/8
  4437 | D:4      | Found a bloodstained altar of Trog.
  4455 | D:4      | Noticed Grinder
  4476 | D:4      | Paralysed by Grinder for 3 turns
  5009 | D:4      | Paralysed by Grinder for 5 turns
  5042 | D:5      | Entered Level 5 of the Dungeon
  5049 | D:5      | Reached skill level 8 in Axes
  5180 | D:5      | Found a hazy altar of Hepliaklqana.
  5212 | D:5      | Noticed Prince Ribbit
  5218 | D:5      | Killed Prince Ribbit
  5219 | D:5      | Reached XP level 8. HP: 66/66 MP: 2/9
  5451 | D:5      | Found an opulent altar of Gozag.
  5483 | D:5      | Found an ancient bone altar of Kikubaaqudgha.
  5853 | D:5      | Found a shimmering blue altar of Sif Muna.
  5897 | D:5      | Reached skill level 9 in Axes
  5999 | D:5      | Found a staircase to the Ecumenical Temple.
  6418 | D:6      | Identified the +1 hammer "Jeloteoc" {freeze, rN++}
  6423 | D:6      | Found a runed translucent door.
  6424 | D:6      | Noticed Crazy Yiuf
  6429 | D:6      | Killed Crazy Yiuf
  6666 | D:6      | Noticed Pikel
  6734 | D:6      | Shot with an arrow by a centaur

Illustrated notes

Levels and vault maps discovered:
D:1:      sevenhm_arrival_forest_fort_small_4, layout_basic
D:2:      layout_loops_ring, shapermc_ecumenical_altar_rom_forum
D:3:      layout_loops_corners, good_gods_mini_temple,
          mainiacjoe_overflow_brackets, uniq_natasha
D:4:      cheibrodos_old_hovel, layout_basic, cheibrodos_ashenzari_chains,
          trog_ov_bears_minmay, dk_rats_in_the_wall, uniq_grinder
D:5:      layout_basic, lemuel_coloured_pillars_altar, lemuel_round_altar,
          mainiacjoe_overflow_catch_the_wave, minmay_temple_entry_proselytizer,
          uniq_prince_ribbit1
D:6:      layout_loops_ring, kennysheep_generic_room_16,
          uniq_crazy_yiuf_cottage, uniq_pikel

Skill      XL: |  1  2  3  4  5  6  7  8 |
---------------+-------------------------+-----
Fighting       | 4 |  4.1
Axes           | 5 6 7 8 9 |  9.5
Fire Magic     | 4 5 6 7 |  7.7
Throwing       | 1 3 4 |  4.3
Spellcasting   | |  1.0

Action                   |  1- 3 |  4- 6 |  7- 9 || total
-------------------------+-------+-------+-------++-------
Melee: Hand axe          |    60 |    58 |    69 ||   187
       Dagger            |    34 |     8 |    15 ||    57
       Punch             |       |       |     1 ||     1
Throw: Stone             |     2 |       |     5 ||     7
       Dart              |       |    20 |    42 ||    62
 Cast: Scorch            |     5 |    18 |    31 ||    54
  Use: Scroll            |     2 |     2 |     7 ||    11
Armor: Robe              |    36 |    52 |    33 ||   121
Dodge: Dodged            |    69 |   128 |   131 ||   328
